 Dungeon Crawl Stone Soup version 0.29.0-13-gc9e81de378 (webtiles) character file.

Game seed: 2102184274404704335

31 browni3141 the Caller (level 3, -4/26 HPs)
             Began as a Ghoul Summoner on Sept 9, 2022.
             Slain by Terence
             ... wielding a +0 mace
              (8 damage)
             ... on level 2 of the Dungeon.
             The game lasted 00:02:50 (1682 turns).

browni3141 the Caller (Ghoul Summoner)              Turns: 1682, Time: 00:02:51

Health: -4/26      AC:  2    Str: 13    XL:     3   Next: 22%
Magic:  1/4        EV: 12    Int: 10    God:
Gold:   79         SH:  0    Dex:  9    Spells: 2/5 levels left

rFire   . . .      SeeInvis .   c - +0 glaive
rCold   + . .      Faith    .   (shield currently unavailable)
rNeg    + + +      Spirit   .   a - +0 robe
rPois   ∞          Reflect  .   (no helmet)
rElec   .          Harm     .   (no cloak)
rCorr   .          Rampage  .   (no gloves)
Will    .....                   (no boots)
Stlth   ++........              (no amulet)
HPRegen 0.00/turn               (no ring)
MPRegen 0.09/turn               (no ring)

@: inhibited regen
A: claws 1, cold resistance 1, negative energy resistance 3, inhibited
regeneration, torment resistance 2, devour on kill
a: no special abilities


You were on level 2 of the Dungeon.
You visited 1 branch of the dungeon, and saw 2 of its levels.

You collected 79 gold pieces.


Innate Abilities, Weirdness & Mutations

You are immune to poison.
You have sharp fingernails.
Your flesh is cold resistant. (rC+)
You are immune to negative energy. (rN+++)
You do not regenerate when monsters are visible.
You are immune to unholy pain and torment.
You thrive by killing the living.


   Skills:
 - Level 1.7 Dodging
 - Level 2.1 Stealth
 - Level 1.7 Spellcasting
 * Level 4.5 Summonings


You had 2 spell levels left.
You knew the following spells:

 Your Spells              Type           Power      Damage    Failure   Level
c - Call Imp              Summ           10%        N/A       8%          2
z - Summon Small Mammal   Summ           40%        N/A       4%          1

Your spell library contained the following spells:

 Spells                   Type           Power      Damage    Failure   Level
 Call Canine Familiar     Summ           10%        N/A       14%         3
 Summon Guardian Golem    Hex/Summ       5%         N/A       36%         3
 Summon Lightning Spire   Summ/Air       5%         N/A       77%         4

Inventory:

Hand Weapons
 c - a +0 glaive (weapon)
Armour
 a - a +0 robe (worn)
Scrolls
 d - a scroll of poison {unknown}
 e - a scroll of enchant weapon {unknown}
 g - 2 scrolls of identify {unknown}
 k - a scroll of immolation {unknown}
Potions
 b - a potion of magic
 f - a potion of heal wounds {unknown}
 h - a potion of haste {unknown}
 i - a potion of invisibility {unknown}
 j - a potion of brilliance {unknown}

Dungeon Overview and Level Annotations

Branches:
Dungeon (2/15)

Altars:

Annotations:
D:2 Robin, Terence

#...............#
#......)........#
#......<........# ..
##...§.....S...## ..
#..
##........@..###....
#^..
###.####.####........
#...#
#S..####.#....###....
.....##.####5b§....##
.. #.......@@.......#
#.##.....S.#.#...#
#.#....####..#......
#.......#...##.......
#.........####...####
#.........# #...#
#.........# ####
#.......#.#
#......##.#


You could see Terence, a bat (ally target), a ball python and a friendly crimson
imp (summoned).


Message History

The bat misses you. The bat hits you. The bat attacks as you move away!
The bat hits you. The bat barely misses you. The bat misses you.
The bat hits you but does no damage. The bat closely misses you.
The bat closely misses you.
You closely miss the bat. The bat hits you. x2
Your crimson imp hits Terence but does no damage. x2
Terence hits you with a +0 mace!
* * * LOW HITPOINT WARNING * * *
The bat hits you but does no damage. The bat hits your crimson imp.
Your crimson imp hits Terence.
Casting: Summon Small Mammal (safe; 4% risk of failure)
Confirm with . or Enter, or press ? or * to list all spells.
A beastly little devil appears in a puff of flame.
Your crimson imp disappears in a puff of smoke!
The bat hits your crimson imp but does no damage.
The bat barely misses your crimson imp. The bat hits your crimson imp.
Terence says, "How do you enjoy it?" Terence closely misses you.
Terence attacks as you move away! Terence hits you with a +0 mace!
* * * LOW HITPOINT WARNING * * *
The bat hits your crimson imp but does no damage.
The bat barely misses your crimson imp.
The bat closely misses your crimson imp.
Your crimson imp hits the bat.
Unknown command.
Terence attacks as you move away! Terence hits you with a +0 mace!
You die...

Skill      XL: |  1 |
---------------+----+-----
Summonings     | 4 |  4.5
Dodging        | |  1.7
Stealth        | |  2.1
Spellcasting   | |  1.7

Action                   || total
-------------------------++-------
Melee: Glaive            ||    55
 Cast: Summon Small Mamm ||    22
       Call Imp          ||     4
 Stab: Distracted        ||     1
Armor: Robe              ||    21
Dodge: Dodged            ||    67

Levels and vault maps discovered:
D:1:      dpeg_arrival_pits, layout_basic, minmay_unequal
D:2:      layout_rooms, shapermc_ecumenical_altar_mp_urbaneastern, basic_altar,
          uniq_robin, uniq_natasha, uniq_terence

Notes
Turn   | Place    | Note
-------+----------+-------------------------------------------
     0 | D:1      | browni3141 the Ghoul Summoner began the quest for the Orb.
     0 | D:1      | Reached XP level 1. HP: 14/14 MP: 2/2
   355 | D:1      | Reached skill level 4 in Summonings
   355 | D:1      | Reached XP level 2. HP: 17/20 MP: 3/3
  1143 | D:2      | Learned a level 2 spell: Call Imp
  1152 | D:2      | Noticed Robin
  1314 | D:2      | Reached XP level 3. HP: 17/26 MP: 1/4
  1646 | D:2      | Noticed Terence
  1682 | D:2      | Slain by Terence

Vanquished Creatures
  2 endoplasms (D:1)
  2 giant cockroaches
  A goblin (D:2)
  A quokka (D:1)
  4 ball pythons
  A bat (D:1)
  2 kobolds (D:1)
  2 rats
15 creatures vanquished.

Vanquished Creatures (collateral kills)
  3 bats (D:2)
  2 giant cockroaches (D:2)
  4 goblins
  A quokka (D:2)
  A ball python (D:1)
  A frilled lizard (D:1)
  A kobold (D:1)
13 creatures vanquished.

Vanquished Creatures (others)
  3 fungi (D:2)
  3 plants (D:2)
6 creatures vanquished.

Grand Total: 34 creatures vanquished

Table legend: (Time is in decaauts)
 A = Elapsed time spent in this place.
 B = Non-inter-level travel time spent in this place.
 C = Inter-level travel time spent in this place.
 D = Time resting spent in this place.
 E = Time spent auto-exploring this place.
 F = Levels seen in this place.
 G = Mean time per level.
                   A        B        C        D        E       F      G
               +--------+--------+--------+--------+--------+-----+--------+
         Total |   1724 |   1685 |     39 |    244 |   1162 |   2 |  862.0 |
       Dungeon |   1724 |   1685 |     39 |    244 |   1162 |   2 |  862.0 |
               +--------+--------+--------+--------+--------+-----+--------+

Top non-repeatable levels by time:
     D:1: 1257 daAuts
     D:2: 467 daAuts

Table legend:
 A = Non-vault XP
 B = Vault XP
 C = Vault XP percentage of total XP
 D = Non-vault monster count
 E = Vault monster count
 F = Vault count percentage of total count
                 A         B        C        D         E       F
            +---------+---------+-------+---------+---------+-------
      Total |      34 |      11 |  24.4 |      21 |       7 |  25.0
            +---------+---------+-------+---------+---------+-------
        D:1 |      15 |       7 |  31.8 |      10 |       5 |  33.3
        D:2 |      19 |       4 |  17.4 |      11 |       2 |  15.4
            +---------+---------+-------+---------+---------+-------
